[Event "51st La Roda Open 2025"]
[Site "La Roda"]
[Date "2025.04.19"]
[Round "7.4"]
[White "Suleymenov, Alisher"]
[Black "Goncalves, Samuel Jesus P"]
[Result "1-0"]
[Annotator "RC"]
[ECO "D78"]
[WhiteElo "2478"]
[BlackElo "2248"]
[PlyCount "135"]
[EventDate "2025.04.15"]
[EventType "swiss"]
[EventCountry "ESP"]
[SourceTitle "playchess.com"]
[Source "ChessBase"]
[SourceQuality "1"]
[TimeControl "5400+30"]

1. d4 Nf6 2. c4 g6 3. g3 c6 4. Bg2 d5 5. Qa4 Nbd7 6. cxd5 Nb6 7. Qb3 cxd5 8. Nc3 Bg7 9. Nf3 O-O 10. O-O Ne4 11. a4 e6 12. Ne5 Nd6 13. Rd1 Nbc4 14. e4 Nxe5 15. dxe5 Bxe5 16. exd5 Qb6 17. Qc2 Nf5 18. Qe2 Bg7 19. a5 Qc5 20. Qb5 Qxb5 21. Nxb5 exd5 22. Nc7 Rb8 23. Rxd5 Nd4 24. Be3 Ne6 25. Bxa7 Nxc7 26. Bxb8 Nxd5 27. Bxd5 Be6 28. Bxb7 Rxb8 29. a6 Bd4 30. a7 Bxa7 31. Rxa7 Kg7 32. b4 Kf6 33. b5 Ke5 34. Bc6 Kd6 35. f4 Kc5 36. Kf2 Rd8 37. Ke3 Rd1 38. Be8 Kb6 39. Ra6+ Kc5 40. Rc6+ Kd5 41. Rc7 Re1+ 42. Kf2 Rb1 43. Bxf7 Rb2+ 44. Kg1 Rb1+ 45. Kg2 Rb2+ 46. Kf3 Rb3+ 47. Ke2 Rb2+ 48. Ke3 Bxf7 49. Rxf7 Rxh2 50. b6 Rb2 51. b7 Rb3+ 52. Kd2 h5 53. Kc2 Rb6 54. Kc3 Ke6 55. Rg7 Kf6 56. Rc7 Kf5 57. Kc4 Kg4 58. Rg7 Kf3 59. Kc5 Rb1 60. Kc6 Kxg3 61. f5 Rc1+ 62. Kd7 Rb1 63. Kc8 Rc1+ 64. Rc7 Re1 65. f6 Re8+ 66. Kd7 Rb8 67. Kc6 Rf8 68. f7 1-0

[Event "51st La Roda Open 2025"]
[Site "La Roda"]
[Date "2025.04.19"]
[Round "7.5"]
[White "Kanov, Nikola"]
[Black "Rumbos Garcia, Alejandro Daniel"]
[Result "1-0"]
[Annotator "RC"]
[ECO "B33"]
[WhiteElo "2413"]
[BlackElo "2178"]
[PlyCount "75"]
[EventDate "2025.04.15"]
[EventType "swiss"]
[EventCountry "ESP"]
[SourceTitle "playchess.com"]
[Source "ChessBase"]
[SourceQuality "1"]
[TimeControl "5400+30"]

1. e4 c5 2. Nf3 Nc6 3. d4 cxd4 4. Nxd4 Nf6 5. Nc3 e5 6. Ndb5 d6 7. Bg5 a6 8. Na3 b5 9. Nd5 Be7 10. Bxf6 Bxf6 11. c3 Bg5 12. Nc2 Rb8 13. a4 bxa4 14. Ncb4 Nxb4 15. cxb4 Bd7 16. Bxa6 O-O 17. O-O Bc6 18. Ra2 a3 19. Rxa3 Kh8 20. Ra4 f5 21. b3 Bxd5 22. exf5 Rxf5 23. Qxd5 Rf8 24. Bd3 Qc7 25. b5 Rbc8 26. Ra6 Rce8 27. b6 Qc3 28. Qe4 g6 29. Ra7 Be7 30. Bb5 d5 31. Qe2 Bc5 32. Bxe8 Rxf2 33. Rxf2 Qc1+ 34. Qf1 Bxf2+ 35. Kxf2 Qc5+ 36. Kg3 Qe3+ 37. Qf3 Qe1+ 38. Kh3 1-0

[Event "51st La Roda Open 2025"]
[Site "La Roda"]
[Date "2025.04.19"]
[Round "7.6"]
[White "Valmana Canto, Jaime"]
[Black "Santos, Antonio P"]
[Result "0-1"]
[Annotator "RC"]
[ECO "B23"]
[WhiteElo "2385"]
[BlackElo "2152"]
[PlyCount "78"]
[EventDate "2025.04.15"]
[EventType "swiss"]
[EventCountry "ESP"]
[SourceTitle "playchess.com"]
[Source "ChessBase"]
[SourceQuality "1"]
[TimeControl "5400+30"]

1. e4 c5 2. Nc3 Nc6 3. Bb5 Nd4 4. Nf3 a6 5. Bd3 Nc6 6. O-O g6 7. a3 Bg7 8. b4 cxb4 9. axb4 Nxb4 10. Bc4 Nh6 11. d4 O-O 12. Bg5 Qc7 13. Qe2 d5 14. Nxd5 Nxd5 15. Bxd5 Ng4 16. h3 h6 17. Bd2 Nf6 18. Bb3 Nd7 19. e5 Nb8 20. Qe4 Bf5 21. Qh4 g5 22. Qh5 e6 23. h4 Bg6 24. Qg4 Bf5 25. Qg3 g4 26. Nh2 h5 27. f3 Nc6 28. c3 gxf3 29. Rxf3 Bg6 30. Kh1 Qb6 31. Rxf7 Rxf7 32. Bxe6 Nxe5 33. d5 Qb2 34. Rf1 Qxd2 35. Nf3 Qd3 36. Rg1 Raf8 37. Qg5 Nxf3 38. gxf3 Kh7 39. Bxf7 Rxf7 0-1

[Event "51st La Roda Open 2025"]
[Site "La Roda"]
[Date "2025.04.19"]
[Round "7.7"]
[White "Rodriguez Rivera, Pedro"]
[Black "Yordanov, Lachezar"]
[Result "1/2-1/2"]
[Annotator "RC"]
[ECO "A13"]
[WhiteElo "2127"]
[BlackElo "2364"]
[PlyCount "23"]
[EventDate "2025.04.15"]
[EventType "swiss"]
[EventCountry "ESP"]
[SourceTitle "playchess.com"]
[Source "ChessBase"]
[SourceQuality "1"]
[TimeControl "5400+30"]

1. Nf3 d5 2. e3 Nf6 3. c4 e6 4. Nc3 Be7 5. b3 O-O 6. Bb2 c5 7. cxd5 Nxd5 8. h4 Nc6 9. Qb1 Nf6 10. Ng5 h6 11. Nce4 Nxe4 12. Qxe4 1/2-1/2

[Event "51st La Roda Open 2025"]
[Site "La Roda"]
[Date "2025.04.19"]
[Round "7.8"]
[White "Aishwin Daniel"]
[Black "Buendia Pinar, Alvaro"]
[Result "1/2-1/2"]
[Annotator "RC"]
[ECO "B22"]
[WhiteElo "2236"]
[BlackElo "2322"]
[PlyCount "21"]
[EventDate "2025.04.15"]
[EventType "swiss"]
[EventCountry "ESP"]
[SourceTitle "playchess.com"]
[Source "ChessBase"]
[SourceQuality "1"]
[TimeControl "5400+30"]

1. e4 c6 2. d4 d5 3. exd5 cxd5 4. c4 Nf6 5. Nc3 Nc6 6. Nf3 e6 7. cxd5 Nxd5 8. Bc4 Nb6 9. Bb3 Be7 10. O-O O-O 11. a3 1/2-1/2

[Event "51st La Roda Open 2025"]
[Site "La Roda"]
[Date "2025.04.19"]
[Round "7.9"]
[White "Centron Antuna, Daniel"]
[Black "Gomez Peco, David"]
[Result "1/2-1/2"]
[Annotator "RC"]
[ECO "C11"]
[WhiteElo "2299"]
[BlackElo "2085"]
[PlyCount "165"]
[EventDate "2025.04.15"]
[EventType "swiss"]
[EventCountry "ESP"]
[SourceTitle "playchess.com"]
[Source "ChessBase"]
[SourceQuality "1"]
[TimeControl "5400+30"]

1. e4 e6 2. d4 d5 3. Nc3 Nf6 4. e5 Nfd7 5. f4 c5 6. Nf3 Nc6 7. Be3 Rb8 8. Qd2 Qa5 9. Be2 b5 10. O-O b4 11. Nd1 Ba6 12. f5 exf5 13. Bxa6 Qxa6 14. dxc5 Bxc5 15. Qxd5 Qb6 16. e6 Bxe3+ 17. Kh1 fxe6 18. Qxe6+ Ne7 19. Qxe3 Qxe3 20. Nxe3 O-O 21. Rad1 Nc5 22. Ne5 Rbd8 23. Kg1 g6 24. N3c4 Ne4 25. Rfe1 Rxd1 26. Rxd1 Rc8 27. Rd7 Nc6 28. Nd3 Nf6 29. Rb7 Nd5 30. b3 Rb8 31. Rd7 Rd8 32. Rb7 Rb8 33. Rxb8+ Nxb8 34. a3 bxa3 35. Nxa3 Nc3 36. Kf2 Nc6 37. Ke3 Kf7 38. Nc5 Ke7 39. Kd2 Nd5 40. c4 Nf4 41. g3 Ne6 42. Nxe6 Kxe6 43. Nc2 a5 44. Ke3 Ke5 45. Ne1 h6 46. h4 g5 47. Nf3+ Kf6 48. h5 Kf7 49. Nd4 Ne7 50. c5 Kf6 51. Nf3 Nc6 52. Nd4 Ne7 53. Nb5 Ke5 54. Nd6 Kd5 55. Nf7 Kxc5 56. Nxh6 Kb4 57. Nf7 Kxb3 58. Nxg5 a4 59. Nf3 a3 60. Nd4+ Kb2 61. Kd2 a2 62. Nc2 Ng8 63. Kd3 Nh6 64. Kd2 Ng4 65. Kd3 Kb1 66. Na3+ Kc1 67. Nc2 Kb2 68. Kd2 Ne3 69. h6 Nxc2 70. h7 a1=Q 71. h8=Q+ Ka2 72. Qa8+ Na3 73. Qd5+ Kb1 74. Qxf5+ Ka2 75. Qf7+ Kb1 76. Qf5+ Ka2 77. Qd5+ Kb1 78. Qd3+ Ka2 79. g4 Qe5 80. Kd1 Nb5 81. Qd2+ Kb3 82. Qc2+ Kb4 83. Qb1+ 1/2-1/2

[Event "51st La Roda Open 2025"]
[Site "La Roda"]
[Date "2025.04.19"]
[Round "7.10"]
[White "Amoes, Francisco"]
[Black "Gonzalez Castillo, Jose Javier"]
[Result "1/2-1/2"]
[Annotator "RC"]
[ECO "B12"]
[WhiteElo "1875"]
[BlackElo "2297"]
[PlyCount "86"]
[EventDate "2025.04.15"]
[EventType "swiss"]
[EventCountry "ESP"]
[SourceTitle "playchess.com"]
[Source "ChessBase"]
[SourceQuality "1"]
[TimeControl "5400+30"]

1. e4 c6 2. d4 d5 3. e5 Bf5 4. h4 h5 5. Bd3 Bxd3 6. Qxd3 e6 7. Bg5 Qa5+ 8. Nd2 Ne7 9. Ne2 Nf5 10. Ng3 Nxg3 11. Qxg3 Qa6 12. c4 Qb6 13. Qf4 Bb4 14. c5 Qa6 15. Rh3 b6 16. Rf3 Rf8 17. cxb6 axb6 18. Rb3 Qa5 19. Qf3 Nd7 20. a3 Bxd2+ 21. Bxd2 Qa4 22. Rb4 Qa6 23. Qxh5 c5 24. dxc5 Nxc5 25. O-O-O g6 26. Qf3 Nd3+ 27. Kb1 Nxe5 28. Qf6 Qd3+ 29. Ka1 Nc4 30. Bg5 Rxa3+ 31. bxa3 Qxa3+ 32. Kb1 Qxb4+ 33. Kc2 Qa4+ 34. Kc1 Qa3+ 35. Kc2 Kd7 36. Ra1 Qc5 37. Ra7+ Kc8 38. Kd1 e5 39. Ra8+ Kb7 40. Rxf8 Qxf8 41. g4 Qc5 42. Qe7+ Qxe7 43. Bxe7 e4 1/2-1/2

[Event "51st La Roda Open 2025"]
[Site "La Roda"]
[Date "2025.04.19"]
[Round "7.11"]
[White "Leiva Raya, Nicolas"]
[Black "Gomez Falagan, Daniel"]
[Result "1-0"]
[Annotator "RC"]
[ECO "D02"]
[WhiteElo "1831"]
[BlackElo "2254"]
[PlyCount "69"]
[EventDate "2025.04.15"]
[EventType "swiss"]
[EventCountry "ESP"]
[SourceTitle "playchess.com"]
[Source "ChessBase"]
[SourceQuality "1"]
[TimeControl "5400+30"]

1. d4 d5 2. Bf4 Nf6 3. e3 c5 4. c3 Nc6 5. Nf3 Qb6 6. Qb3 c4 7. Qxb6 axb6 8. Na3 Bf5 9. Nh4 Bd7 10. Nf3 h6 11. h3 Bf5 12. Be2 e6 13. Nb5 Kd7 14. O-O Ra5 15. a4 Be7 16. Rfc1 Ne4 17. Bd1 g5 18. Bc7 Ra6 19. g4 Bh7 20. b3 cxb3 21. Bxb3 Rc8 22. c4 Rxc7 23. Nxc7 Kxc7 24. cxd5 exd5 25. Bxd5 f5 26. Ne5 b5 27. Bxe4 fxe4 28. d5 Bf6 29. dxc6 Bxe5 30. cxb7+ Kxb7 31. Rab1 Rb6 32. a5 Rc6 33. Rxb5+ Ka6 34. Rxc6+ Kxb5 35. Rxh6 1-0

[Event "51st La Roda Open 2025"]
[Site "La Roda"]
[Date "2025.04.19"]
[Round "7.12"]
[White "Garcia Jimenez, Santiago"]
[Black "Fernandez Cano, Victor"]
[Result "1-0"]
[Annotator "RC"]
[ECO "C05"]
[WhiteElo "2241"]
[BlackElo "2037"]
[PlyCount "95"]
[EventDate "2025.04.15"]
[EventType "swiss"]
[EventCountry "ESP"]
[SourceTitle "playchess.com"]
[Source "ChessBase"]
[SourceQuality "1"]
[TimeControl "5400+30"]

1. e4 e6 2. d4 d5 3. Nd2 Be7 4. c3 Nf6 5. e5 Nfd7 6. f4 c5 7. Ndf3 b6 8. Bd3 Ba6 9. Bc2 g6 10. Ne2 Nc6 11. a3 Qc7 12. b3 Rc8 13. Ra2 cxd4 14. cxd4 Ndb8 15. O-O Bd8 16. Be3 Ne7 17. Qd2 Nf5 18. Bf2 h5 19. Rc1 Bxe2 20. Qxe2 Be7 21. Rd1 a6 22. Bd3 Qb7 23. h3 Kd7 24. g4 hxg4 25. hxg4 Nh6 26. Ng5 Rc3 27. Be1 Rc7 28. a4 Ke8 29. Kg2 a5 30. Bb5+ Kf8 31. Kg3 Kg7 32. Rc2 Rxc2 33. Qxc2 Rc8 34. Qh2 Qc7 35. Bd3 Bb4 36. Bxb4 axb4 37. f5 exf5 38. gxf5 Rh8 39. f6+ Kg8 40. Qc2 Qd7 41. Nf3 Qg4+ 42. Kf2 Qf4 43. Qc8+ Kh7 44. Qh3 Kg8 45. Qc8+ Kh7 46. Bxg6+ Kxg6 47. Rg1+ Kh7 48. Rg7# 1-0

[Event "51st La Roda Open 2025"]
[Site "La Roda"]
[Date "2025.04.19"]
[Round "7.13"]
[White "Nomindalai Tumurbaatar"]
[Black "Siscar Conill, Aitor"]
[Result "0-1"]
[Annotator "RC"]
[ECO "D31"]
[WhiteElo "2211"]
[BlackElo "1986"]
[PlyCount "119"]
[EventDate "2025.04.15"]
[EventType "swiss"]
[EventCountry "ESP"]
[SourceTitle "playchess.com"]
[Source "ChessBase"]
[SourceQuality "1"]
[TimeControl "5400+30"]

1. d4 d5 2. c4 c6 3. Nf3 e6 4. Nc3 dxc4 5. a4 Bb4 6. Bd2 a5 7. e3 b5 8. axb5 Bxc3 9. Bxc3 cxb5 10. d5 Nf6 11. dxe6 Qxd1+ 12. Kxd1 Ne4 13. Be1 Nc6 14. Nd2 Nc5 15. Be2 Bxe6 16. Bf3 Kd7 17. Ke2 Bf5 18. Bd5 Bd3+ 19. Kf3 Kd6 20. e4 Rhe8 21. Kf4 Nxe4 22. Bxe4 g5+ 23. Ke3 f5 24. f3 fxe4 25. Nxe4+ Kc7 26. h4 g4 27. h5 b4 28. Rh4 gxf3 29. gxf3 Rad8 30. Rc1 Nd4 31. Rg4 Nc2+ 32. Kf4 Rf8+ 33. Kg3 Nd4 34. Ra1 Rxf3+ 35. Kh2 Nc2 36. Ng5 Re3 37. Bg3+ Kc6 38. Rxa5 Re2+ 39. Kh3 Rd5 40. Rxd5 Kxd5 41. Rf4 Nd4 42. Rf8 Rxb2 43. Rd8+ Kc5 44. Be5 Bf5+ 45. Kg3 Nc6 46. Re8 Rb3+ 47. Kf4 Bb1 48. Rc8 Kb5 49. Ne6 Rh3 50. Nc7+ Ka4 51. Bd6 Rxh5 52. Na6 Rf5+ 53. Ke3 Kb5 54. Nc7+ Kb6 55. Ne6 Rf6 56. Bc5+ Kb5 57. Nf8 c3 58. Bd4 Nxd4 59. Kxd4 c2 60. Nxh7 0-1

[Event "51st La Roda Open 2025"]
[Site "La Roda"]
[Date "2025.04.19"]
[Round "7.14"]
[White "Cordoba Picazo, Manuel Javier"]
[Black "Pomes Marcet, Joan"]
[Result "0-1"]
[Annotator "RC"]
[ECO "A13"]
[WhiteElo "1969"]
[BlackElo "2187"]
[PlyCount "120"]
[EventDate "2025.04.15"]
[EventType "swiss"]
[EventCountry "ESP"]
[SourceTitle "playchess.com"]
[Source "ChessBase"]
[SourceQuality "1"]
[TimeControl "5400+30"]

1. Nf3 d5 2. g3 Nf6 3. Bg2 c6 4. c4 e6 5. O-O Bd6 6. b3 O-O 7. Bb2 Qe7 8. d4 b6 9. Nc3 Ba3 10. Bxa3 Qxa3 11. Ne5 Ba6 12. Qc2 Rc8 13. Rfc1 Nbd7 14. Nxd7 Nxd7 15. Nb1 Qd6 16. Rd1 Rab8 17. Nd2 c5 18. cxd5 cxd4 19. Nc4 Bxc4 20. bxc4 e5 21. Bh3 Rc7 22. Bxd7 Qxd7 23. Rac1 Rbc8 24. Qe4 Qd6 25. e3 dxe3 26. fxe3 b5 27. c5 Rxc5 28. Rxc5 Rxc5 29. Qb4 g6 30. Qa3 a6 31. Qb4 Kg7 32. a3 h5 33. Qb3 Rc4 34. Kg2 h4 35. Rd2 f5 36. Qd3 Kf6 37. Qb3 hxg3 38. hxg3 Ke7 39. Qd3 Qc5 40. d6+ Kd7 41. Qb3 Qc6+ 42. Kh2 Qe4 43. a4 b4 44. a5 g5 45. Qa4+ Qc6 46. Qb3 g4 47. Qd1 Qe4 48. Qa4+ Rc6 49. Qb3 Qc4 50. Qb1 e4 51. Rb2 b3 52. Rxb3 Qc2+ 53. Qxc2 Rxc2+ 54. Kg1 Kxd6 55. Rb8 Kc7 56. Rb6 Rc6 57. Rb3 Rc5 58. Ra3 Kc6 59. Kf2 Kb5 60. Ke2 Kb4 0-1

[Event "51st La Roda Open 2025"]
[Site "La Roda"]
[Date "2025.04.19"]
[Round "7.15"]
[White "Vehi Bach, Victor Manuel"]
[Black "Juan Lepp, Jaime Boris"]
[Result "1-0"]
[Annotator "RC"]
[ECO "C48"]
[WhiteElo "2178"]
[BlackElo "2015"]
[PlyCount "69"]
[EventDate "2025.04.15"]
[EventType "swiss"]
[EventCountry "ESP"]
[SourceTitle "playchess.com"]
[Source "ChessBase"]
[SourceQuality "1"]
[TimeControl "5400+30"]

1. e4 e5 2. Nf3 Nc6 3. Nc3 Nf6 4. Bb5 Nd4 5. Ba4 c6 6. d3 Nxf3+ 7. Qxf3 d6 8. O-O Be7 9. Nd5 Nd7 10. Nxe7 Qxe7 11. c3 O-O 12. d4 Nb6 13. Bc2 Be6 14. a4 a5 15. b3 Rfd8 16. Be3 Qc7 17. Qg3 Nc8 18. Bg5 Ne7 19. Bf6 Ng6 20. Bxd8 Rxd8 21. dxe5 dxe5 22. Rfd1 Nf4 23. Qe3 h6 24. g3 Nh3+ 25. Kg2 Qe7 26. Rxd8+ Qxd8 27. Bd3 Qf6 28. Bc4 Bc8 29. Rd1 Kh7 30. Rd2 Ng5 31. Be2 Qe6 32. h4 Nh3 33. Rd8 Bd7 34. Qf3 Qe7 35. Rxd7 1-0

[Event "51st La Roda Open 2025"]
[Site "La Roda"]
[Date "2025.04.19"]
[Round "7.16"]
[White "Garcia-Ballesteros Banos, Juan A"]
[Black "Hernandez Leon, Alberto"]
[Result "0-1"]
[Annotator "RC"]
[ECO "B52"]
[WhiteElo "1903"]
[BlackElo "2174"]
[PlyCount "108"]
[EventDate "2025.04.15"]
[EventType "swiss"]
[EventCountry "ESP"]
[SourceTitle "playchess.com"]
[Source "ChessBase"]
[SourceQuality "1"]
[TimeControl "5400+30"]

1. e4 c5 2. Nf3 d6 3. Bb5+ Bd7 4. Bxd7+ Qxd7 5. O-O Nf6 6. Re1 Nc6 7. c3 e6 8. d4 cxd4 9. cxd4 d5 10. e5 Ne4 11. a3 Be7 12. Nbd2 Nxd2 13. Bxd2 O-O 14. Rc1 Rfc8 15. h4 b5 16. h5 h6 17. g4 Qd8 18. Kh1 b4 19. a4 Na5 20. Rg1 Nc4 21. Bf4 Nxb2 22. Qb3 Rc3 23. Rxc3 bxc3 24. Qxc3 Nxa4 25. Qc2 Qa5 26. Bd2 Qb5 27. Be3 Qc4 28. Qb1 Nc3 29. Qb7 Re8 30. g5 Qe2 31. Nh2 Bxg5 32. Qc6 Bxe3 33. Qxe8+ Kh7 34. fxe3 Ne4 35. Qxf7 Nf2+ 36. Kg2 Ng4+ 37. Kg3 Qxh2+ 38. Kxg4 Qxg1+ 39. Kh4 Qg5+ 40. Kh3 Qxe3+ 41. Kh2 Qe2+ 42. Kg3 Qd3+ 43. Kh2 Qf5 44. Qxa7 Qxh5+ 45. Kg3 Qg5+ 46. Kh2 h5 47. Qb6 Qh4+ 48. Kg2 Qg4+ 49. Kh2 h4 50. Qb1+ Qg6 51. Qd1 Kh6 52. Qd2+ Qg5 53. Qd1 h3 54. Kxh3 Qh5+ 0-1

[Event "51st La Roda Open 2025"]
[Site "La Roda"]
[Date "2025.04.19"]
[Round "7.17"]
[White "Rodriguez Garcia, Manuel Francisco"]
[Black "Pastor Villalba, Arturo"]
[Result "1-0"]
[Annotator "NA RC"]
[ECO "A21"]
[WhiteElo "2131"]
[BlackElo "1907"]
[PlyCount "93"]
[EventDate "2025.04.15"]
[EventType "swiss"]
[EventCountry "ESP"]
[SourceTitle "playchess.com"]
[Source "ChessBase"]
[SourceQuality "1"]
[TimeControl "5400+30"]

1. c4 e5 2. Nc3 d6 3. g3 f5 4. Bg2 Nf6 5. d3 Be7 6. e4 O-O 7. exf5 c6 8. Nge2 Bxf5 9. O-O a5 10. d4 Nbd7 11. h3 Qc7 12. Be3 Bg6 13. b3 Rfe8 14. Qd2 Bf8 15. Rae1 Rad8 16. f4 exd4 17. Bxd4 Ne4 18. Nxe4 Bxe4 19. Bxe4 Rxe4 20. Nc3 Rxe1 21. Rxe1 Nc5 22. Qe3 Qd7 23. Kg2 Kf7 24. Bxc5 dxc5 25. Rd1 Qe7 26. Qxe7+ Bxe7 27. Rxd8 Bxd8 28. Kf3 Ke6 29. g4 h6 30. Ke4 Bf6 31. Ne2 g6 32. f5+ Kf7 33. fxg6+ Kxg6 34. Nf4+ Kf7 35. Kf5 b5 36. a4 bxa4 37. bxa4 Bd8 38. Nd3 Bc7 39. Nxc5 Bd6 40. Nd3 Kg7 41. Ke6 Ba3 42. c5 Kg6 43. h4 h5 44. gxh5+ Kxh5 45. Kd6 Kxh4 46. Kxc6 Kg5 47. Kd5 1-0

[Event "51st La Roda Open 2025"]
[Site "La Roda"]
[Date "2025.04.19"]
[Round "7.18"]
[White "Abdsattar, Alisher"]
[Black "Fuentes de Nova, Sebastian"]
[Result "1-0"]
[Annotator "NA RC"]
[ECO "C54"]
[WhiteElo "2126"]
[BlackElo "1902"]
[PlyCount "103"]
[EventDate "2025.04.15"]
[EventType "swiss"]
[EventCountry "ESP"]
[SourceTitle "playchess.com"]
[Source "ChessBase"]
[SourceQuality "1"]
[TimeControl "5400+30"]

1. e4 e5 2. Nf3 Nc6 3. Bc4 Bc5 4. c3 Nf6 5. d3 d6 6. O-O a5 7. Re1 h6 8. Nbd2 O-O 9. h3 Be6 10. Bb5 Nd7 11. Nf1 d5 12. exd5 Bxd5 13. Ne3 Bxe3 14. Bxe3 e4 15. dxe4 Bxe4 16. Bxh6 Bxf3 17. Qxf3 gxh6 18. Bxc6 bxc6 19. Rad1 Re8 20. Rxe8+ Qxe8 21. Qg4+ Kf8 22. Qxd7 Qxd7 23. Rxd7 Rb8 24. b3 a4 25. Rxc7 axb3 26. axb3 Rxb3 27. Rxc6 Kg7 28. g4 Rb1+ 29. Kg2 Rc1 30. h4 Rc2 31. Kg3 Rc1 32. Kf4 Kh7 33. Kf5 Kg7 34. Rc7 Rh1 35. h5 Rh3 36. f4 Rf3 37. c4 Rh3 38. Rc6 Rh1 39. g5 hxg5 40. h6+ Kh7 41. Kxg5 Rg1+ 42. Kf5 Rc1 43. Kf6 Kxh6 44. Kxf7+ Kh7 45. f5 Rg1 46. f6 Rg7+ 47. Ke8 Ra7 48. f7 Ra8+ 49. Ke7 Kg7 50. Rd6 Ra7+ 51. Ke8 Kh7 52. Rh6+ 1-0

[Event "51st La Roda Open 2025"]
[Site "La Roda"]
[Date "2025.04.20"]
[Round "9.1"]
[White "Albornoz Cabrera, Carlos Daniel"]
[Black "Gumularz, Szymon"]
[Result "1/2-1/2"]
[Annotator "ChessBase"]
[ECO "B95"]
[WhiteElo "2561"]
[BlackElo "2604"]
[PlyCount "58"]
[EventDate "2025.04.15"]
[EventType "swiss"]
[EventCountry "ESP"]
[SourceTitle "playchess.com"]
[Source "ChessBase"]
[SourceQuality "1"]
[TimeControl "5400+30"]

1. e4 c5 2. Nf3 d6 3. d4 cxd4 4. Nxd4 Nf6 5. Nc3 a6 6. Bg5 e6 7. Qf3 h6 8. Bd2 Qb6 9. Nb3 Qc7 10. a4 Bd7 11. a5 Bc6 12. Nd4 Nbd7 13. Nxc6 Qxc6 14. Bd3 Ne5 15. Qg3 g5 16. f3 Bg7 17. Qf2 d5 18. O-O dxe4 19. Bxe4 Nxe4 20. Nxe4 f5 21. Nc5 Rc8 22. b4 Nd7 23. Nxd7 Qxd7 24. c3 O-O 25. Rfd1 Qc6 26. Be1 Rfd8 27. Qe2 Kf7 28. Rxd8 Rxd8 29. Rc1 Qd6 1/2-1/2

[Event "51st La Roda Open 2025"]
[Site "La Roda"]
[Date "2025.04.20"]
[Round "9.2"]
[White "Pranav Vijay"]
[Black "Sierra Vallina, Lionel"]
[Result "1-0"]
[Annotator "ChessBase"]
[ECO "B51"]
[WhiteElo "2252"]
[BlackElo "2342"]
[PlyCount "115"]
[EventDate "2025.04.15"]
[EventType "swiss"]
[EventCountry "ESP"]
[SourceTitle "playchess.com"]
[Source "ChessBase"]
[SourceQuality "1"]
[TimeControl "5400+30"]

1. e4 c5 2. Nf3 d6 3. Bb5+ Nd7 4. O-O a6 5. Bxd7+ Bxd7 6. c3 Nf6 7. Re1 e6 8. d4 cxd4 9. cxd4 d5 10. e5 Ne4 11. Nfd2 f5 12. exf6 Nxf6 13. Nf3 Bd6 14. Nc3 O-O 15. Ne5 Be8 16. Bf4 Nh5 17. Bg3 Nxg3 18. hxg3 Qb6 19. Qd2 Rc8 20. Re3 Bxe5 21. Rxe5 Rc4 22. Rd1 Bd7 23. Re2 Rfc8 24. Qe3 Qd6 25. Red2 a5 26. Ne2 b6 27. Nf4 Rc2 28. Nd3 Bb5 29. Ne5 R2c7 30. g4 Ba4 31. Re1 Bc2 32. f3 a4 33. a3 b5 34. Rde2 Re8 35. Rc1 Rec8 36. Kf2 Bg6 37. Ree1 Bc2 38. Qd2 Bg6 39. Rxc7 Qxc7 40. Qb4 Qb6 41. Kg3 Rc7 42. Re3 Be8 43. g5 Qb8 44. Qd6 Qc8 45. Nd3 Rc6 46. Qe7 Qd7 47. Qxd7 Bxd7 48. Nc5 Rd6 49. Kf4 Kf7 50. Ke5 Ke7 51. f4 Be8 52. Rh3 Rb6 53. Rxh7 Kf7 54. g4 b4 55. f5 exf5 56. gxf5 bxa3 57. bxa3 Kg8 58. g6 1-0

[Event "51st La Roda Open 2025"]
[Site "La Roda"]
[Date "2025.04.20"]
[Round "9.3"]
[White "Fier, Alexandr"]
[Black "Kanov, Nikola"]
[Result "1-0"]
[Annotator "ChessBase"]
[ECO "A63"]
[WhiteElo "2534"]
[BlackElo "2413"]
[PlyCount "53"]
[EventDate "2025.04.15"]
[EventType "swiss"]
[EventCountry "ESP"]
[SourceTitle "playchess.com"]
[Source "ChessBase"]
[SourceQuality "1"]
[TimeControl "5400+30"]

1. d4 Nf6 2. c4 e6 3. g3 c5 4. d5 exd5 5. cxd5 d6 6. Nc3 g6 7. Bg2 Bg7 8. Nf3 O-O 9. O-O a6 10. a4 Nbd7 11. Bf4 Qc7 12. e4 Ng4 13. Nd2 Nge5 14. Be3 Rb8 15. f4 Nd3 16. e5 dxe5 17. d6 Qd8 18. f5 gxf5 19. Rxf5 Nf6 20. Rxf6 Bxf6 21. Nde4 c4 22. Nd5 Bg7 23. Bb6 Qxb6+ 24. Nxb6 Be6 25. Qh5 h6 26. Rf1 f5 27. Qg6 1-0

[Event "51st La Roda Open 2025"]
[Site "La Roda"]
[Date "2025.04.20"]
[Round "9.4"]
[White "Suleymenov, Alisher"]
[Black "Buendia Pinar, Alvaro"]
[Result "1-0"]
[Annotator "ChessBase"]
[ECO "D24"]
[WhiteElo "2478"]
[BlackElo "2322"]
[PlyCount "129"]
[EventDate "2025.04.15"]
[EventType "swiss"]
[EventCountry "ESP"]
[SourceTitle "playchess.com"]
[Source "ChessBase"]
[SourceQuality "1"]
[TimeControl "5400+30"]

1. d4 d5 2. c4 e6 3. Nc3 Nf6 4. Nf3 dxc4 5. e4 Bb4 6. Bxc4 Nxe4 7. O-O Nxc3 8. bxc3 Bd6 9. Bg5 Be7 10. Bf4 Nd7 11. Qc2 Bd6 12. Bg5 Be7 13. Bf4 Bd6 14. Bg5 Be7 15. h4 h6 16. Bxe7 Qxe7 17. Rfe1 O-O 18. Rad1 Nb6 19. Bb3 Qf6 20. Qe4 Nd5 21. Rd3 Nf4 22. Rde3 Nd5 23. Rd3 Nf4 24. Rde3 Nd5 25. Bxd5 exd5 26. Qxd5 c6 27. Qb3 b5 28. d5 cxd5 29. Qxb5 Be6 30. Qa6 Qf4 31. Rd1 Rfb8 32. Nd4 Rb6 33. Qe2 Qxh4 34. Nxe6 fxe6 35. Rxe6 Rf8 36. Rxb6 axb6 37. Qe6+ Kh8 38. Qxb6 Qc4 39. Qb3 Qe2 40. Rf1 Qd2 41. a4 Rc8 42. a5 Rxc3 43. Qb8+ Kh7 44. Qb1+ Qc2 45. Qxc2+ Rxc2 46. Ra1 Rc7 47. a6 Ra7 48. f3 Kg6 49. Kf2 Kf5 50. Ke3 Ke5 51. Ra5 g5 52. g4 Kd6 53. Kd4 Kc6 54. Ra1 Ra8 55. a7 Kb7 56. Ra2 Kc6 57. Ra3 Kb7 58. Kxd5 Rd8+ 59. Ke5 Ka8 60. Ra6 Rh8 61. Kf5 h5 62. Kxg5 h4 63. Ra2 h3 64. Rh2 Kxa7 65. Kf4 1-0

[Event "51st La Roda Open 2025"]
[Site "La Roda"]
[Date "2025.04.20"]
[Round "9.5"]
[White "Gonzalez Castillo, Jose Javier"]
[Black "Lopez Martinez, Josep Manuel"]
[Result "1/2-1/2"]
[Annotator "ChessBase"]
[ECO "C54"]
[WhiteElo "2297"]
[BlackElo "2460"]
[PlyCount "34"]
[EventDate "2025.04.15"]
[EventType "swiss"]
[EventCountry "ESP"]
[SourceTitle "playchess.com"]
[Source "ChessBase"]
[SourceQuality "1"]
[TimeControl "5400+30"]

1. e4 e5 2. Nf3 Nc6 3. Bc4 Bc5 4. c3 Nf6 5. d3 a5 6. O-O d6 7. Nbd2 O-O 8. h3 Ba7 9. Re1 Be6 10. Bb5 Ne7 11. d4 Ng6 12. Ba4 Nh5 13. Nf1 Nhf4 14. Be3 c6 15. Bc2 f6 16. Ng3 Kh8 17. Qd2 Qc7 1/2-1/2

[Event "51st La Roda Open 2025"]
[Site "La Roda"]
[Date "2025.04.20"]
[Round "9.6"]
[White "Valmana Canto, Jaime"]
[Black "Hernandez Leon, Alberto"]
[Result "1-0"]
[Annotator "ChessBase"]
[ECO "E90"]
[WhiteElo "2385"]
[BlackElo "2174"]
[PlyCount "89"]
[EventDate "2025.04.15"]
[EventType "swiss"]
[EventCountry "ESP"]
[SourceTitle "playchess.com"]
[Source "ChessBase"]
[SourceQuality "1"]
[TimeControl "5400+30"]

1. Nf3 g6 2. d4 d6 3. c4 Nf6 4. Nc3 Bg7 5. e4 O-O 6. h3 c5 7. d5 e6 8. Bd3 Na6 9. O-O Nc7 10. Re1 a6 11. a4 b6 12. Bg5 e5 13. Qd2 Qe8 14. Nh2 Rb8 15. f4 Nh5 16. f5 f6 17. Be3 g5 18. Reb1 a5 19. Bf2 Kf7 20. g3 Ke7 21. Be2 Bh8 22. Ng4 Bd7 23. Qd1 Ng7 24. Nh6 Na6 25. h4 gxh4 26. g4 Kd8 27. Bxh4 Qe7 28. Qd2 Ne8 29. Bf2 Nb4 30. Be3 Kc8 31. Kf2 Bg7 32. Rh1 Rh8 33. Rh2 Rb7 34. Rah1 Kb8 35. b3 Bc8 36. Ke1 Qf8 37. Kd1 Qe7 38. Kc1 Qf8 39. Kb2 Qe7 40. Bd1 Bd7 41. Ne2 Nc7 42. Nc3 Qe8 43. Be2 Qf8 44. g5 Be8 45. Ng4 1-0